 Dungeon Crawl Stone Soup version 0.25-a0-464-g3004169c2b (webtiles) character file.

Game seed: 4492704708242870360, levelgen mode: deterministic

6 Lugonue the Conjurer (level 1, 0/14 HPs)
             Began as a Draconian Conjurer on Feb 4, 2020.
             Slain by a rat (3 damage)
             ... on level 1 of the Dungeon.
             The game lasted 00:00:42 (167 turns).

Lugonue the Conjurer (Draconian Conjurer)            Turns: 167, Time: 00:00:42

Health: 0/14       AC:  4    Str: 10    XL:     1   Next: 75%
Magic:  3/3        EV: 12    Int: 15    God:
Gold:   0          SH:  0    Dex: 11    Spells: 3/4 levels left

rFire    + . .     SeeInvis .   (no weapon)
rCold    . . .     Gourm    .   (no shield)
rNeg     . . .     Faith    .   (armour unavailable)
rPois    .         Spirit   .   (helmet restricted)
rElec    .         Reflect  .   (no cloak)
rCorr    .         Harm     .   (no gloves)
MR       .....                  (no boots)
Stlth    ++........             a - amulet of inaccuracy (curse)
HPRegen  0.04/turn              d - ring of protection from fire
MPRegen  0.08/turn              (no ring)

@: no status effects
A: unfitting armour, cold-blooded, AC +4
a: no special abilities


You were on level 1 of the Dungeon.
You were not hungry.

You visited 1 branch of the dungeon, and saw 1 of its levels.

Inventory:

Jewellery
 a - a cursed amulet of inaccuracy (around neck)
 d - a ring of protection from fire (left hand)
Potions
 c - a potion of flight {unknown}
Comestibles
 b - 2 rations


   Skills:
 + Level 1.7 Dodging
 + Level 1.7 Stealth
 + Level 2.0 Spellcasting
 + Level 4.3 Conjurations


You had 3 spell levels left.
You knew the following spells:

 Your Spells              Type           Power        Failure   Level  Hunger
a - Magic Dart            Conj           ##..         3%          1    #......

Your spell library contained the following spells:

 Spells                   Type           Power        Failure   Level  Hunger
 Searing Ray              Conj           ##....       5%          2    ###....
 Dazzling Flash           Conj/Hex       #.....       26%         3    ###....
 Fulminant Prism          Conj/Hex       #.........   65%         4    #####..
 Iskenderun's Mystic Bla  Conj/Tloc      #.......     65%         4    #####..


Dungeon Overview and Level Annotations

Branches:
Dungeon (1/15)

Altars:


Innate Abilities, Weirdness & Mutations

Your plain brown scales are hard. (AC +4)
You cannot fit into any form of body armour.
You are cold-blooded and may be slowed by cold attacks.


Message History

You can't see any susceptible monsters within range! (Use Z to cast anyway.)
You aren't carrying any scrolls.
b - 2 rations (gained 1)
A bat and a rat come into view.
The bat barely misses you.
There are monsters nearby!
There are monsters nearby!
You barely miss the bat. The bat hits you but does no damage.
The bat hits you but does no damage.
Found a scroll labeled ANYUD CITOAGEB.
The bat hits you. The bat hits you but does no damage.
The bat closely misses you. The bat misses you. The bat closely misses you.
The rat bites you. The bat completely misses you. The rat closely misses you.
The bat misses you. The rat bites you.
* * * LOW HITPOINT WARNING * * *
The bat misses you. The rat closely misses you. The bat barely misses you.
The rat bites you.
You die...

#.#.# #.
..####.#.#######
#.
...........†....
#####.#
######..#######
.....?. #..#
.......#.######..#
.......#.........#
.......########.##
.....b.@...# #.#
......r###.# #.#
....... #.####.#
###.##.###......#
# #.....######
#######


You could see a bat and a rat.

Vanquished Creatures
  A dart slug (D:1)
  3 bats (D:1)
  A rat (D:1)
5 creatures vanquished.

Notes
Turn   | Place    | Note
-------+----------+-------------------------------------------
     0 | D:1      | Lugonue the Draconian Conjurer began the quest for the Orb.
     0 | D:1      | Reached XP level 1. HP: 14/14 MP: 3/3
   167 | D:1      | Slain by a rat

Levels and vault maps discovered:
D:1:      minmay_arrival_five_plusses, layout_loops_ring

Action                   || total
-------------------------++-------
Melee: Unarmed           ||    42
       Tailslap          ||     2
 Cast: Magic Dart        ||     8
Armor: Skin              ||    40
Dodge: Dodged            ||    69

Table legend:
 A = Non-vault XP
 B = Vault XP
 C = Vault XP percentage of total XP
 D = Non-vault monster count
 E = Vault monster count
 F = Vault count percentage of total count
                 A         B        C        D         E       F
            +---------+---------+-------+---------+---------+-------
      Total |       9 |       0 |   0.0 |       5 |       0 |   0.0
            +---------+---------+-------+---------+---------+-------
        D:1 |       9 |       0 |   0.0 |       5 |       0 |   0.0
            +---------+---------+-------+---------+---------+-------
